 Dungeon Crawl Stone Soup version 0.32-a0-893-gf85d74f360 (webtiles) character file.

Game seed: 16949359222510302005

29 DEFE the Chopper (level 3, 0/43 HPs)
             Began as a Coglin Fighter on Apr 3, 2024.
             Was a Follower of the Shining One.
             Slain by an endoplasm (2 damage)
             ... on level 2 of the Dungeon.
             The game lasted 00:00:40 (1085 turns).

DEFE the Chopper (Coglin Fighter)                   Turns: 1085, Time: 00:00:41

Health: 0/43       AC:  6    Str: 18    XL:     3   Next: 16%
Magic:  3/3        EV:  8    Int:  7    God:    the Shining One [*.....]
Gold:   23         SH:  4    Dex: 13    Spells: 2/2 levels left

rFire   . . .        a - +0 war axe {Vikramjeet}
rCold   . . .        c - +0 buckler
rNeg    . . .        b - +0 scale mail
rPois   .            (no helmet)
rElec   .            (no cloak)
rCorr   .            (no gloves)
SInv    .            (no boots)
Will    .....        (amulet unavailable) Stlth
                     (ring unavailable)
HPRegen 0.27/turn    (ring unavailable)
MPRegen 0.08/turn    (no gizmo)

%: no passive effects
@: berserking, glowing, revved, very quick
A: off-hand wielding, slow wielding, warmup strikes, no jewellery
a: Invent Gizmo, Renounce Religion, Divine Shield


You were on level 2 of the Dungeon.
You worshipped the Shining One.
The Shining One was aware of your devotion.
You visited 1 branch of the dungeon, and saw 2 of its levels.

You collected 23 gold pieces.

Inventory:

Hand Weapons
 a - a +0 war axe (weapon) {Vikramjeet}
Armour
 b - a +0 scale mail (worn)
 c - a +0 buckler (worn)
Scrolls
 e - a scroll of amnesia {unknown}
 f - a scroll of teleportation {unknown}
 i - a scroll of torment {unknown}
 j - a scroll of revelation {unknown}
 k - a scroll of enchant weapon {unknown}
Potions
 d - a potion of might
 g - 2 potions of berserk rage
 h - a potion of heal wounds {unknown}


   Skills:
 - Level 3.0 Fighting
 + Level 3.5 Axes
 - Level 2.6 Armour
 - Level 2.1 Shields


You had 2 spell levels left.
You didn't know any spells.
Your spell library contained the following spells:

 Spells                   Type           Power      Damage    Failure   Level
 Blink                    Tloc           0%         N/A       96%         2
 Lesser Beckoning         Tloc           0%         N/A       96%         2
 Momentum Strike          Conj/Tloc      0%         3d8       96%         2


Dungeon Overview and Level Annotations

Branches:
Dungeon (2/15)

Altars:
The Shining One

Annotations:
D:2 Jessica


Innate Abilities, Weirdness & Mutations

You can wield a second weapon in your off-hand.
It takes a long time for you to wield or remove held weapons.
Your first few attacks do less damage.
You cannot equip rings or amulets.


Message History

You resist with some effort.
The goblin shouts!
An endoplasm comes into view.
Jessica gestures wildly while chanting.
Jessica seems to speed up.
You see here a +0 dagger.
Unknown command.
You barely miss Jessica. Jessica hits you with a +0 club.
Jessica hits you but does no damage.
Unknown command.
You barely miss Jessica.
Jessica looks very angry.
Jessica gestures at you while chanting. Pain shoots through your body!
* * * LOW HITPOINT WARNING * * *
You block Jessica's attack. Jessica hits you with a +0 club.
* * * LOW HITPOINT WARNING * * *
You are too injured to fight recklessly!
You are too injured to fight recklessly!
Unknown command.
You hit Jessica.
Jessica is severely wounded.
Jessica barely misses you.
Jessica casts a spell.
Jessica blinks!
The goblin barely misses you.
Unknown command.
Unknown command.
You barely miss the goblin. The goblin hits you with a +0 club.
* * * LOW HITPOINT WARNING * * *
Unknown command.
Unknown command.
You hit the endoplasm but do no damage. You hit the goblin.
The endoplasm hits you but does no damage.
You block the goblin's attack. Jessica hits you but does no damage.
Unknown command.
Unknown command.
It was a potion of berserk rage.
A red film seems to cover your vision as you go berserk!
You feel yourself moving faster!
You feel mighty! The endoplasm hits you.
You die...

.. ####........#
......#...........#
......#...........######
..................)...>#
#................###.#.#
#.............####...# .
#....(..#.##..# ###.# #
#....g.#.....######.# #
#....J@.........#...###
#....@..........#......
#......................
#.....#...#........####
#......#...#............
.......#................
.......#.##..........#..
.>...###.##.......##.#..
#......###...#


You could see Jessica (fast), an endoplasm and a goblin.

Vanquished Creatures
  An adder (D:2)
  2 endoplasms (D:1)
  A giant cockroach (D:1)
  A hobgoblin (D:1)
  3 jackals (D:1)
  2 kobolds
  A quokka (D:2)
  2 ball pythons (D:1)
  2 frilled lizards (D:1)
  A goblin (D:2)
  3 rats
19 creatures vanquished.

Notes
Turn   | Place    | Note
-------+----------+-------------------------------------------
     0 | D:1      | DEFE the Coglin Fighter began the quest for the Orb.
     0 | D:1      | Reached XP level 1. HP: 18/18 MP: 1/1
   529 | D:1      | Reached XP level 2. HP: 24/24 MP: 2/2
   631 | D:1      | Found a faded altar of an unknown god.
   835 | D:1      | Prayed at the altar of an unknown god.
   835 | D:1      | Became a worshipper of the Shining One
   835 | D:1      | Reached * piety under the Shining One
  1067 | D:2      | Reached XP level 3. HP: 29/29 MP: 3/3
  1074 | D:2      | Noticed Jessica
  1083 | D:2      | HP: 1/29 [goblin/+0 club (2)]
  1085 | D:2      | Slain by an endoplasm

Illustrated notes

Levels and vault maps discovered:
D:1:      heliophobic_arrival_henge, layout_loops_corners,
          basic_ecumenical_altar
D:2:      layout_basic, dreamdust_wishing_well, uniq_jessica,
          uniq_crazy_yiuf_cottage

Skill      XL: |  1  2 |
---------------+-------+-----
Axes           | 3 |  3.5
Fighting       | |  3.0
Armour         | |  2.6
Shields        | |  2.1

Action                     || total
---------------------------++-------
  Melee: War axe           ||    44
    Use: Potion            ||     1
 Armour: Scale mail        ||    39
  Dodge: Dodged            ||    22
  Block: Buckler           ||    14

Table legend: (Time is in decaauts)
 A = Elapsed time spent in this place.
 B = Non-inter-level travel time spent in this place.
 C = Inter-level travel time spent in this place.
 D = Time resting spent in this place.
 E = Time spent auto-exploring this place.
 F = Levels seen in this place.
 G = Mean time per level.
                   A        B        C        D        E       F      G
               +--------+--------+--------+--------+--------+-----+--------+
         Total |   1102 |   1027 |     75 |      0 |    897 |   2 |  551.0 |
       Dungeon |   1102 |   1027 |     75 |      0 |    897 |   2 |  551.0 |
               +--------+--------+--------+--------+--------+-----+--------+

Top non-repeatable levels by time:
     D:1: 994 daAuts
     D:2: 107 daAuts
